 Dungeon Crawl Stone Soup version 0.29.1-12-g30fa7ad0bf (webtiles) character file.

Game seed: 13252470793219311085

514 cowcol the Trooper (level 7, -1/61 HPs)
             Began as a Minotaur Monk on Jan 8, 2023.
             Succumbed to Edmund's poison
             ... on level 4 of the Dungeon.
             The game lasted 00:11:25 (5981 turns).

cowcol the Trooper (Minotaur Monk)                  Turns: 5981, Time: 00:11:26

Health: -1/61      AC:  8    Str: 16    XL:     7   Next: 0%
Magic:  6/6        EV: 10    Int:  7    God:
Gold:   99         SH:  3    Dex: 14    Spells: 6/6 levels left

rFire   . . .      SeeInvis .   p - +0 falchion
rCold   . . .      Faith    .   x - +0 buckler
rNeg    . . .      Spirit   .   D - +0 scale mail
rPois   .          Reflect  .   (helmet restricted)
rElec   .          Harm     .   (no cloak)
rCorr   .          Rampage  .   A - +0 pair of gloves
Will    .....                   z - +0 pair of boots
Stlth   +.........              (no amulet)
HPRegen 0.20/turn               (no ring)
MPRegen 0.10/turn               (no ring)

@: lethally poisoned (-1 -> -28)
A: horns 2, retaliatory headbutt
a: no special abilities


You were on level 4 of the Dungeon.
You visited 1 branch of the dungeon, and saw 4 of its levels.

You collected 209 gold pieces.
You spent 110 gold pieces at shops.

Inventory:

Hand Weapons
 a - a +0 hand axe
 j - a +0 scythe
 k - a +0 club
 m - a +0 whip
 n - a +0 dagger
 p - a +0 falchion (weapon)
 C - a +0 spear
 F - a +0 flail
Missiles
 l - 36 stones
 v - 4 poisoned darts (quivered)
Armour
 b - a +0 robe
 x - a +0 buckler (worn)
 y - a +0 leather armour
 z - a +0 pair of boots (worn)
 A - a +0 pair of gloves (worn)
 D - a +0 scale mail (worn)
Jewellery
 d - a ring of protection from cold
 u - an amulet of magic regeneration
Wands
 E - a wand of roots (12)
Scrolls
 h - a scroll of fear
 i - a scroll of silence
 t - a scroll of poison
Potions
 c - 2 potions of ambrosia
 e - a potion of cancellation {unknown}
 f - a potion of mutation {unknown}
 g - a potion of invisibility {unknown}
 o - a potion of attraction {unknown}
 q - a potion of flight {unknown}
 r - a potion of lignification {unknown}
 s - a potion of curing {unknown}
 w - 2 potions of heal wounds
 B - 2 potions of degeneration {unknown}


   Skills:
 + Level 5.2 Fighting
 * Level 4.4 Long Blades
 * Level 5.0 Axes
 + Level 1.5 Throwing
 + Level 1.4 Armour
 + Level 4.6 Dodging
 + Level 2.4 Stealth
 + Level 0.4 Shields


You had 6 spell levels left.
You didn't know any spells.
Your spell library contained the following spells:

 Spells                   Type           Power      Damage    Failure   Level
 Apportation              Tloc           0%         N/A       93%         1
 Ensorcelled Hibernation  Hex/Ice        0%         N/A       98%         2
 Passwall                 Tmut/Erth      0%         N/A       98%         2
 Swiftness                Air            0%         N/A       100%        3
 Alistair's Intoxication  Tmut/Pois      0%         N/A       100%        5


Dungeon Overview and Level Annotations

Branches:
Dungeon (4/15)
 Temple: D:4-7

Altars:
Elyvilon

Shops:
D:2 :   D:3 [

Annotations:
D:4 Edmund


Innate Abilities, Weirdness & Mutations

You have a pair of horns on your head.
You reflexively headbutt those who attack you in melee.


Message History

You feel sick.
Edmund hits you with a +0 flail of venom.
You are more poisoned.
Edmund hits you but does no damage.
You are lethally poisoned!
The hobgoblin barely misses you.
You hit Edmund but do no damage.
Edmund is moderately wounded.
* * * LOW HITPOINT WARNING * * *
You feel extremely sick. You block Edmund's attack.
The hobgoblin barely misses you.
You completely miss Edmund. You headbutt Edmund.
Edmund is moderately wounded.
* * * LOW HITPOINT WARNING * * *
You feel very sick.
Edmund hits you with a +0 flail of venom.
* * * LOW HITPOINT WARNING * * *
You are more poisoned.
The hobgoblin barely misses you.
You feel much better.
You feel very sick. Edmund hits you but does no damage.
You are lethally poisoned!
The hobgoblin closely misses you.
You barely miss Edmund. Your headbutt misses Edmund.
Edmund is moderately wounded.
* * * LOW HITPOINT WARNING * * *
You feel extremely sick.
Edmund hits you with a +0 flail of venom.
* * * LOW HITPOINT WARNING * * *
You are more poisoned.
The hobgoblin hits you.
* * * LOW HITPOINT WARNING * * *
Edmund attacks as you move away!
Edmund hits you with a +0 flail of venom.
* * * LOW HITPOINT WARNING * * *
x2 You feel extremely sick.
The hobgoblin closely misses you. The hobgoblin attacks as you move away!
The hobgoblin misses you.
You die...

#.###...⌠..#.. #.
...##...###...##.⌠ #.
...#..⌠...###.#... ..
..##........#####. ##.
..#...........#.##
#...##.##........⌠.##...
#...#..#.....#.....#..⌠.
#.....##.⌠........##....
#...@.@..........#.....
#..#.g###........##.....
... #...
###...⌠..#.....# .
.....# ###..)##.⌠....
#.##### ###.'....... #.
#####..... # ###...
.###. #..##


You could see Edmund and a hobgoblin.

Vanquished Creatures
  Sigmund (D:3)
  A sky beast (D:4)
  An iguana (D:4)
  Jessica (D:3)
  Natasha (twice) (D:3)
  An orc wizard (D:4)
  Robin (D:3)
  3 adders (D:2)
  2 worms
  2 dart slugs
  3 orcs (D:4)
  7 ball pythons
  3 endoplasms
  2 giant cockroaches (D:4)
  14 goblins
  6 hobgoblins
  3 jackals (D:1)
  3 kobolds
  8 quokkas
  3 bats
  20 rats
87 creatures vanquished.

Vanquished Creatures (others)
  2 plants (D:3)
2 creatures vanquished.

Grand Total: 89 creatures vanquished

Notes
Turn   | Place    | Note
-------+----------+-------------------------------------------
     0 | D:1      | cowcol the Minotaur Monk began the quest for the Orb.
     0 | D:1      | Reached XP level 1. HP: 19/19 MP: 0/0
   485 | D:1      | Reached XP level 2. HP: 25/27 MP: 1/1
  1355 | D:2      | Reached XP level 3. HP: 15/33 MP: 2/2
  1630 | D:2      | Found a faded altar of an unknown god.
  1675 | D:2      | Reached skill level 1 in Long Blades
  2754 | D:2      | Found Zakhleh's Book Shop.
  2883 | D:3      | Noticed Natasha
  2891 | D:3      | Killed Natasha
  2892 | D:3      | Reached XP level 4. HP: 28/41 MP: 3/3
  3039 | D:3      | Noticed Sigmund
  3054 | D:3      | Killed Sigmund
  3055 | D:3      | Reached skill level 5 in Fighting
  3055 | D:3      | Reached skill level 1 in Throwing
  3055 | D:3      | Reached XP level 5. HP: 12/48 MP: 4/4
  3593 | D:3      | Noticed Natasha
  3890 | D:3      | Found Emischom's Antique Armour Boutique.
  3898 | D:3      | Bought a leather armour for 34 gold pieces
  3898 | D:3      | Bought a pair of boots for 76 gold pieces
  4132 | D:3      | Noticed Robin
  4154 | D:3      | Killed Robin
  4155 | D:3      | Reached XP level 6. HP: 48/56 MP: 5/5
  4454 | D:3      | Killed Natasha
  4669 | D:3      | Noticed Jessica
  4674 | D:3      | Killed Jessica
  5163 | D:4      | Noticed a sky beast
  5174 | D:4      | Killed a sky beast
  5175 | D:4      | Reached skill level 5 in Axes
  5175 | D:4      | Reached skill level 1 in Armour
  5447 | D:4      | Found a white marble altar of Elyvilon.
  5538 | D:4      | Reached XP level 7. HP: 50/61 MP: 6/6
  5964 | D:4      | Noticed Edmund
  5981 | D:4      | Succumbed to Edmund's poison

Illustrated notes

Levels and vault maps discovered:
D:1:      dpeg_arrival_erosion, layout_basic, chequers_serial_rivers_small_b
D:2:      layout_loops_ring, serial_shops, nicolae_shop_hallway_plus,
          chequers_ecumenical_altar_grove
D:3:      layout_loops_cross, serial_forest, infiniplex_forest_clump_long,
          infiniplex_forest_end_1, infiniplex_forest_straight_2,
          infiniplex_forest_straight_5, infiniplex_forest_end_2,
          infiniplex_forest_straight_1, serial_shops, shop, minmay_rat_hole,
          uniq_robin, uniq_natasha, uniq_sigmund, uniq_jessica
D:4:      minmay_skewed_foursquare, layout_cave_pools,
          nicolae_vehumet_altar_sigil, nicolae_elyvilon_temple_path,
          serial_column_ruins, column_ruins_hut_water, column_ruins_grid_2,
          column_ruins_corridor_straight, column_ruins_open_tiny,
          column_ruins_corridor_T, column_ruins_open_tiny, uniq_edmund

Skill      XL: |  1  2  3  4  5  6 |
---------------+-------------------+-----
Fighting       | 4 5 |  5.2
Axes           | 4 5 |  5.0
Long Blades    | 1 2 4 |  4.4
Dodging        | 4 |  4.6
Throwing       | 1 |  1.5
Stealth        | 2 |  2.4
Armour         | 1 |  1.4
Shields        | |  0.4

Action                   |  1- 3 |  4- 6 |  7- 9 || total
-------------------------+-------+-------+-------++-------
Melee: Hand axe          |    55 |       |       ||    55
       Headbutt          |    13 |    27 |     3 ||    43
       Falchion          |    10 |   146 |     9 ||   165
Throw: Stone             |    11 |       |       ||    11
       Dart              |     4 |     1 |       ||     5
Evoke: Wand              |       |       |     1 ||     1
  Use: Scroll            |     2 |     6 |       ||     8
       Potion            |       |     1 |     1 ||     2
 Stab: Sleeping          |       |     1 |       ||     1
Armor: Robe              |    14 |     1 |       ||    15
       Leather armour    |       |    20 |       ||    20
       Scale mail        |       |    18 |     2 ||    20
Dodge: Dodged            |    51 |    65 |     7 ||   123
Block: Buckler           |       |    19 |     1 ||    20
